 Dungeon Crawl Stone Soup version 0.28-a0-1613-gdaab1c2f9b (webtiles) character file.

Game seed: 5416889380597445246

91 wilfster70 the Magician (level 4, -9/31 HPs)
             Began as a Djinni Conjurer on Jan 21, 2022.
             Killed by nerve-wracking pain
             ... invoked by Grinder
              (12 damage)
             ... on level 3 of the Dungeon.
             The game lasted 00:06:36 (3220 turns).

wilfster70 the Magician (Djinni Conjurer)           Turns: 3220, Time: 00:06:36

Health: -9/31      AC:  5    Str:  6    XL:     4   Next: 88%
Gold:   110        EV: 12    Int: 21    God:
                   SH:  0    Dex: 12

rFire   + + .      SeeInvis .   a - staff of poison
rCold   x . .      Faith    .   (no shield)
rNeg    . . .      Spirit   .   c - +0 robe
rPois   ∞          Reflect  .   (no helmet)
rElec   .          Harm     .   (no cloak)
rCorr   .          Rampage  .   i - +2 pair of gloves
Will    .....                   (boots unavailable)
Stlth   ++........              (no amulet)
HPRegen 0.10/turn               (no ring)
MPRegen 0.00/turn               (no ring)

@: flying
A: sickness immunity, fire resistance 2, cold vulnerability 1, float, innate
caster, hp casting, extra vitality 1
a: no special abilities


You were on level 3 of the Dungeon.
You visited 1 branch of the dungeon, and saw 3 of its levels.

You collected 110 gold pieces.

Inventory:

Armour
 c - a +0 robe (worn)
 i - a +2 pair of gloves (worn)
Magical Staves
 a - a staff of poison (weapon)
Scrolls
 j - a scroll of magic mapping
Potions
 b - a potion of curing {unknown}
 d - a potion of brilliance {unknown}
 e - 2 potions of berserk rage
 f - a potion of heal wounds {unknown}
 g - 2 potions of ambrosia
 h - a potion of degeneration {unknown}


   Skills:
 - Level 2.1 Dodging
 - Level 1.5 Stealth
 + Level 4.6 Spellcasting


You couldn't memorise any spells.
You knew the following spells:

 Your Spells              Type           Power      Damage    Failure   Level
a - Magic Dart            Conj           96%        1d7       1%          1
b - Searing Ray           Conj           48%        2d6       2%          2
c - Dazzling Flash        Conj/Hex       48%        N/A       4%          3
d - Fulminant Prism       Conj/Hex       12%        3d9       17%         4
e - Iskenderun's Mystic   Conj/Tloc      24%        2d7       17%         4
f - Beastly Appendage     Tmut           48%        N/A       1%          1
Your spell library was empty.

Dungeon Overview and Level Annotations

Branches:
Dungeon (3/15)

Altars:
Dithmenos

Annotations:
D:3 Grinder


Innate Abilities, Weirdness & Mutations

You are immune to sickness and miasma.
You are immune to poison.
Your flesh is very heat resistant. (rF++)
You are vulnerable to cold. (rC-)
You float through the air rather than walking.
You learn spells naturally, not from books.
Your magical power is your life essence.
You have superior vitality. (+4 MHP)


Message History

An adder comes into view.
The adder hisses angrily.
Casting: Magic Dart (safe; 1% risk of failure)
Confirm with . or Enter, or press ? or * to list all spells.
Aiming: Searing Ray (safe; 2% risk of failure)
Press: ? - help, Shift-Dir - straight line, f - adder
Aim: an adder (66% to hit)
The searing ray misses the adder. (Press . to maintain the ray.)
The searing ray hits the adder!
You kill the adder!
You see here an adder corpse.
Grinder comes into view.
Grinder shouts!
Grinder gestures at you.
You barely resist.
Casting: Searing Ray (safe; 2% risk of failure)
Confirm with . or Enter, or press ? or * to list all spells.
Aiming: Searing Ray (safe; 2% risk of failure)
Press: ? - help, Shift-Dir - straight line, f - Grinder
Aim: Grinder (77% to hit)
The searing ray misses Grinder. (Press . to maintain the ray.) Grinder gestures at you.
Pain shoots through your body!
The searing ray hits Grinder.
Grinder is lightly wounded.
Grinder barely misses you.
The searing ray hits Grinder.
Grinder is moderately wounded.
Grinder gestures at you. Pain shoots through your body!
* * * LOW HITPOINT WARNING * * *
The searing ray hits Grinder!
Grinder is heavily wounded.
* * * LOW HITPOINT WARNING * * *
You finish channelling your searing ray.
Grinder gestures at you. Pain shoots through your body!
You die...

#######.#
#.......#
#...#####
##...#### # #
........# #. .#
........##.##.#
#.# ...........#
#.###.#
##...#######
#5..#
#...######## #@#
#...##.....# #.#
##.###.....####.#
#.# #..........#
#.# #.....######
##.###.....#
##...####.###
#.....###.#
.....†....#


You could see Grinder.

Vanquished Creatures
  2 adders
  2 worms
  4 dart slugs
  6 ball pythons
  6 endoplasms
  3 giant cockroaches
  6 hobgoblins
  4 jackals (D:3)
  2 quokkas (D:1)
  3 bats
  6 frilled lizards
  3 goblins
  4 kobolds
  6 rats
57 creatures vanquished.

Vanquished Creatures (others)
  A plant (D:1)
1 creature vanquished.

Grand Total: 58 creatures vanquished

Notes
Turn   | Place    | Note
-------+----------+-------------------------------------------
     0 | D:1      | wilfster70 the Djinni Conjurer began the quest for the Orb.
     0 | D:1      | Reached XP level 1. HP: 15/15 MP: 0/0
   112 | D:1      | Reached XP level 2. HP: 16/21 MP: 0/0
   838 | D:1      | Reached XP level 3. HP: 22/25 MP: 0/0
   838 | D:1      | Learned a level 1 spell: Beastly Appendage
  1047 | D:1      | Reached skill level 4 in Spellcasting
  1587 | D:2      | Found a shadowy altar of Dithmenos.
  1614 | D:2      | Found a faded altar of an unknown god.
  1797 | D:2      | Reached XP level 4. HP: 19/31 MP: 0/0
  3215 | D:3      | Noticed Grinder
  3220 | D:3      | Killed from afar by Grinder

Illustrated notes

Levels and vault maps discovered:
D:1:      dpeg_arrival_orchard, layout_rooms
D:2:      layout_basic, basic_altar, ebering_ecumenical_altar_box
D:3:      layout_loops_ring, gammafunk_ghost_smash, uniq_grinder

Skill      XL: |  1  2  3 |
---------------+----------+-----
Spellcasting   | 4 |  4.6
Dodging        | |  2.1
Stealth        | |  1.5

Action                   |  1- 3 |  4- 6 || total
-------------------------+-------+-------++-------
Melee: Unarmed           |     3 |       ||     3
       Morningstar       |     3 |       ||     3
       Staff             |       |     1 ||     1
 Cast: Magic Dart        |    32 |     7 ||    39
       Searing Ray       |    20 |    22 ||    42
  Use: Scroll            |     4 |     4 ||     8
Armor: Robe              |     1 |     8 ||     9
Dodge: Dodged            |    12 |    16 ||    28

Table legend: (Time is in decaauts)
 A = Elapsed time spent in this place.
 B = Non-inter-level travel time spent in this place.
 C = Inter-level travel time spent in this place.
 D = Time resting spent in this place.
 E = Time spent auto-exploring this place.
 F = Levels seen in this place.
 G = Mean time per level.
                   A        B        C        D        E       F      G
               +--------+--------+--------+--------+--------+-----+--------+
         Total |   3223 |   3164 |     59 |   1611 |    744 |   3 | 1074.3 |
       Dungeon |   3223 |   3164 |     59 |   1611 |    744 |   3 | 1074.3 |
               +--------+--------+--------+--------+--------+-----+--------+

Top non-repeatable levels by time:
     D:1: 1346 daAuts
     D:2: 1346 daAuts
     D:3: 530 daAuts
